 Dungeon Crawl Stone Soup version 0.20.1-1-g8b1a95d (webtiles) character file.

356 arttle the Digger (level 6, -4/32 HPs)
             Began as a Gargoyle Earth Elementalist on Oct 31, 2017.
             Killed from afar by Dowan (7 damage)
             ... with a stone arrow
             ... on level 4 of the Dungeon.
             The game lasted 00:16:02 (3092 turns).

arttle the Digger (Gargoyle Earth Elementalist)     Turns: 3092, Time: 00:16:03

Health: -4/32      AC:  7    Str: 11    XL:     6   Next: 63%
Magic:  0/11       EV: 12    Int: 18    God:
Gold:   143        SH:  0    Dex: 10    Spells: 8/12 levels left

rFire    . . .     SeeInvis .   i - +0 mace
rCold    . . .     Gourm    .   (no shield)
rNeg     + . .     Faith    .   c - +0 robe
rPois    ∞         Spirit   .   f - +0 helmet
rElec    +         Reflect  .   (no cloak)
rCorr    .         Harm     .   (no gloves)
MR       .....                  (no boots)
Stlth    ++........             (no amulet)
Regen    0.1/turn               (no ring)
MPRegen  0.2/turn               (no ring)

@: no status effects
A: negative energy resistance 1, electricity resistance, unbreathing,
petrification resistance, rot immunity, AC +4
a: no special abilities


You were on level 4 of the Dungeon.
You were very hungry.

You visited 1 branch of the dungeon, and saw 4 of its levels.

You collected 143 gold pieces.

Inventory:

Hand Weapons
 i - a +0 mace (weapon)
Missiles
 b - 81 stones (quivered)
Armour
 c - a +0 robe (worn)
 f - a +0 helmet (worn)
Wands
 u - a wand of flame (40/48)
Scrolls
 a - a scroll of enchant weapon {unknown}
 g - a scroll of magic mapping {unknown}
 h - a scroll of amnesia {unknown}
 j - a scroll of enchant armour {unknown}
 l - a scroll of identify {unknown}
 m - a scroll of immolation {unknown}
 n - a scroll of random uselessness {unknown}
 p - 3 scrolls of recharging {unknown}
 r - a scroll of remove curse {unknown}
 s - 2 scrolls of fog {unknown}
 t - 2 scrolls of noise {unknown}
 w - a scroll of teleportation {unknown}
Potions
 k - 3 potions of heal wounds
 q - a potion of haste
 x - a potion of lignification
 z - a potion of ambrosia {unknown}
Books
 e - a book of Geomancy

   Spells                             Type                      Level
   a - Sandblast                      Earth                        1
   b - Passwall                       Transmutation/Earth          2
   c - Stone Arrow                    Conjuration/Earth            3
   d - Petrify                        Transmutation/Earth          4
   e - Lee's Rapid Deconstruction     Earth                        5
 y - a book of Conjurations

   Spells                             Type                      Level
   a - Magic Dart                     Conjuration                  1
   b - Searing Ray                    Conjuration                  2
   c - Dazzling Spray                 Conjuration/Hexes            3
   d - Fulminant Prism                Conjuration/Hexes            4
   e - Force Lance                    Conjuration/Translocation    4
   f - Iskenderun's Mystic Blast      Conjuration                  4
Comestibles
 d - 6 bread rations
 o - a meat ration
 v - a royal jelly


   Skills:
 - Level 1.5 Dodging
 - Level 2.1 Stealth
 - Level 3.5 Spellcasting
   Level 0.7 Transmutations
 * Level 7.7 Earth Magic


You had 8 spell levels left.
You knew the following spells:

 Your Spells              Type           Power        Failure   Level  Hunger
a - Sandblast             Erth           ####..       1%          1    None
z - Stone Arrow           Conj/Erth      ###...       10%         3    ###....


Dungeon Overview and Level Annotations

Branches:
Dungeon (4/15)
 Temple: D:4-7

Altars:
Qazlal

Annotations:
D:4 Dowan


Innate Abilities, Weirdness & Mutations

You are resistant to torment.
Your stone body is resilient. (AC +4)
You are immune to poison.
You resist negative energy. (rN+)
You are resistant to electric shocks. (rElec)
You can survive without breathing.
You are immune to petrification.
You are immune to rotting.


Message History

Confirm with . or Enter, or press ? or * to list all spells.
Aiming: Sandblast
Press: ? - help, Shift-Dir - straight line, f/p - Duvessa
Aim: Duvessa, wielding a short sword and wearing a leather armour (severely wounded)
The blast of sand hits Duvessa.
You kill Duvessa!
Dowan screams, "No!
No!"
Dowan seems to find hidden reserves of power!
b - 81 stones Dowan barely misses you.
You barely miss Dowan. Dowan gestures at you while chanting.
The shard of ice hits you!
Ouch! That really hurt!
* * * LOW HITPOINT WARNING * * *
Dowan casts a spell.
Dowan blinks!
Dowan points at you and mumbles some strange words.
The stone arrow hits you!
You die...

....# .....# .....# . .
#### #....##.
..##...##..e....
.......##....# .
#...##§...##.. ###
#...@.)....... ....
#...##....##.
....##...##....##.
.........'......... ####
..........#.........
...##...........#.........
...#............#.........
...##......##...########..
...##......##...##.... ..


You could see Dowan.

Vanquished Creatures
  Duvessa (D:4)
  An ogre (D:4)
  A hound skeleton (D:4)
  3 gnolls (D:3)
  A howler monkey skeleton (D:4)
  7 adders
  4 worms
  A dart slug (D:4)
  A leopard gecko (D:2)
  A ball python (D:1)
  5 giant cockroaches
  6 goblins
  2 hobgoblins
  3 jackals (D:3)
  6 bats
  3 frilled lizards
  3 kobolds
  4 rats
53 creatures vanquished.

Notes
Turn   | Place    | Note
-------+----------+-------------------------------------------
     0 | D:1      | arttle the Gargoyle Earth Elementalist began the quest for the Orb.
     0 | D:1      | Reached XP level 1. HP: 10/10 MP: 3/3
   531 | D:1      | Reached XP level 2. HP: 12/15 MP: 5/5
   773 | D:1      | Reached skill level 4 in Earth Magic
   978 | D:2      | Found a stormy altar of Qazlal.
  1065 | D:2      | Reached XP level 3. HP: 18/19 MP: 6/6
  1691 | D:2      | Reached XP level 4. HP: 7/24 MP: 5/8
  2047 | D:3      | Reached skill level 5 in Earth Magic
  2269 | D:3      | Reached XP level 5. HP: 28/28 MP: 8/10
  2420 | D:3      | Learned a level 3 spell: Stone Arrow
  2947 | D:4      | Noticed an ogre
  2952 | D:4      | Killed an ogre
  2952 | D:4      | Reached skill level 6 in Earth Magic
  2952 | D:4      | Reached XP level 6. HP: 32/32 MP: 0/11
  3072 | D:4      | Reached skill level 7 in Earth Magic
  3079 | D:4      | Noticed Dowan
  3081 | D:4      | Noticed Duvessa
  3090 | D:4      | Killed Duvessa
  3092 | D:4      | Killed from afar by Dowan

Skill      XL: |  1  2  3  4  5  6 |
---------------+-------------------+-----
Earth Magic    | 4 5 6 7 |  7.7
Spellcasting   | 3 |  3.5
Dodging        | |  1.5
Stealth        | |  2.1
Transmutations | |  0.7

Action                   |  1- 3 |  4- 6 || total
-------------------------+-------+-------++-------
Melee: Mace              |   104 |    41 ||   145
       Unarmed           |     5 |       ||     5
 Cast: Sandblast         |    16 |    34 ||    50
       Stone Arrow       |       |     4 ||     4
  Use: Potion            |     7 |       ||     7
  Eat: Chunk             |     2 |     4 ||     6
Armor: Robe              |    54 |    29 ||    83
Dodge: Dodged            |   114 |    44 ||   158
